 Dungeon Sprint DCSS version 0.19.0-24-gb05acd6 (webtiles) character file.

16200000 igo the Conqueror (level 27, -52/272 (273) HPs)
             Began as a Ghoul Warper on Nov 22, 2016.
             Was the Champion of Makhleb.
             Annihilated by a fleshlord
             ... wielding a +9 great mace
              (324 damage)
             ... in the Dungeon (Sprint VIII: "Arena of Blood").
             The game lasted 00:06:35 (162 turns).

igo the Conqueror (Ghoul Warper)                     Turns: 162, Time: 00:06:35

HP:   -52/272 (273) AC:  6    Str: 26    XL:     27
MP:   44/53         EV: 25    Int:  8    God:    Makhleb [******]
Gold: 0             SH:  0    Dex: 10    Spells: 0 memorised, 80 levels left

rFire  . . .     SeeInvis +     l - +∞ Axe of Woe
rCold  + . .     Gourm    .     b - +0 leather armour
rNeg   + + +     Faith    .     (shield currently unavailable)
rPois  ∞         Spirit   .     (no helmet)
rElec  .         Reflect  .     (no cloak)
rCorr  .         Harm     .     (no gloves)
MR     ++...     NoTele   +     (no boots)
Stlth  +++++++++.               (no amulet)
                                (no ring)
                                m - ring of see invisible

@: marked, rotting, slowed, very slow
A: rotting body, claws 1, carnivore 3, cold resistance 1, negative energy
resistance 3, slow regeneration 1, torment resistance, unbreathing
a: Minor Destruction, Lesser Servant of Makhleb, Major Destruction, Greater
Servant of Makhleb, Renounce Religion


You were in the Dungeon.
You worshipped Makhleb.
Makhleb was exalted by your worship.
You were not hungry.

You visited 1 branch

Inventory:

Hand Weapons
 a - a +0 hand axe
 l - the +∞ Axe of Woe (weapon)
   (You found it in the Dungeon)
Missiles
 e - 5 tomahawks of dispersal (quivered)
Armour
 b - a +0 leather armour (worn)
Jewellery
 m - a ring of see invisible (left claw)
Scrolls
 d - 2 scrolls of blinking
Potions
 g - a potion of curing
 h - a potion of heal wounds
 i - a potion of haste
 j - 2 potions of magic
 k - a potion of berserk rage
Books
 c - a book of Spatial Translocations

   Spells                             Type                      Level
   a - Blink                          Translocation                2
   b - Shroud of Golubria             Charms/Translocation         2
   c - Lesser Beckoning               Translocation                3
   d - Portal Projectile              Translocation                3
   e - Teleport Other                 Translocation                3
   f - Passage of Golubria            Translocation                4
Comestibles
 f - a meat ration


   Skills:
 O Level 27 Fighting
 O Level 27 Axes
 O Level 27 Throwing
 O Level 27 Armour
 O Level 27 Dodging
 O Level 27 Stealth
 O Level 27 Unarmed Combat
 O Level 27 Spellcasting
   Level 2.6 Translocations
 O Level 27 Invocations


You had 80 spell levels left.
You didn't know any spells.

Dungeon Overview and Level Annotations

Branches:
Dungeon (1/1)

Altars:
Makhleb

Annotations:
D The Meatlord


Innate Abilities, Weirdness & Mutations

Your body is rotting away.
You thrive on raw meat.
You are immune to poison.
You have sharp fingernails.
You are carnivorous and can eat meat at any time.
Your flesh is cold resistant. (rC+)
You are immune to negative energy. (rN+++)
You regenerate slowly when monsters are visible.
You are immune to unholy pain and torment.
You can survive without breathing.


Message History

The blast of lightning engulfs The Meatlord.
The Meatlord appears unharmed.
The blast of lightning engulfs the scourge.
The blast of lightning engulfs the destroyer.
Makhleb accepts your kill.
You slash the meat beast!
You slaughter the meat beast joyfully.
You kill the meat beast!
Makhleb accepts your kill.
You feel better.
You hit the destroyer.
You butcher the destroyer messily.
You destroy the destroyer!
Makhleb accepts your kill.
The fleshlord gestures wildly while chanting.
The tyrant casts a spell.
The fleshlord casts a spell at you.
The observer easily resists.
You hear a shout!
The meat berserker rages.
The fleshlord casts a spell.
The fleshlord hits you with a +9 great mace!!!!!!
Ouch! That really hurt!
You die...

C.....))).§)).....M.
V.....)))W)....z....
......#.)§§)).#.....
#...V.#))..o)%#......
....###XC..pp%###@...
.....M%W.###p.W§§....
.#...MLXpX_§oO§......
......#poOxG#o......
......#_*2p@#.......
.....1#Ox*)x#O.....#


#...XO%WO&OppoooC2.. ...GXOO*###S2V§..... ...###L.X .SO###.2L. #.. Gzo# zV #.
.ooX# .. ozWX. .X.... You could see The Meatlord, 2 accurseds, 2 tentacled
monstrosities, 2 meat beasts, 2 tyrants, a destroyer, 2 observers, 2 scourges, 8
fleshlords, 2 sculptors of flesh, 5 large abominations, a wretched soul
(invisible), 3 dreads, 9 meat berserkers, 2 small abominations, 7 bags of meat,
a crawling corpse and 3 ball lightnings.

Vanquished Creatures
  8 hell knights (D)
  Sigmund (D)
  17 hell beasts (D)
  Edmund (D)
  6 greater mummies (D)
  6 great orbs of eyes (D)
  10 wraiths (D)
  24 vampire knights (D)
  42 ogres (D)
  5 liches (D)
  3 hydras (D)
  94 orcs (D)
  6 phantoms (D)
  10 hill giants (D)
  10 skeletal warriors (D)
  4 sea snakes (D)
  6 large abominations (D)
  14 small abominations (D)
  2 ball lightnings (D)
  15 crawling corpses (D)
284 creatures vanquished.

Vanquished Creatures (others)
  2 ball lightnings (D)
  8 crawling corpses (D)
10 creatures vanquished.

Grand Total: 294 creatures vanquished

Notes
Turn   | Place    | Note
-------+----------+-------------------------------------------
     0 | D        | igo the Ghoul Warper began the quest for the Orb.
     0 | D        | Reached XP level 1. HP: 17/17 MP: 2/2
     3 | D        | Noticed a bag of meat
     3 | D        | Noticed a bag of meat
     3 | D        | Noticed a meat berserker
     5 | D        | Noticed a bag of meat
     5 | D        | Noticed a bag of meat
     6 | D        | Noticed a bag of meat
     6 | D        | Killed a bag of meat
     6 | D        | Reached XP level 2. HP: 47/47 MP: 2/15
     6 | D        | Reached XP level 3. HP: 53/53 MP: 2/17
     6 | D        | Reached XP level 4. HP: 61/61 MP: 2/18
     6 | D        | Reached XP level 5. HP: 68/68 MP: 2/20
     6 | D        | Reached XP level 6. HP: 75/75 MP: 2/21
     6 | D        | Reached XP level 7. HP: 82/82 MP: 2/23
     6 | D        | Reached XP level 8. HP: 90/90 MP: 2/24
     6 | D        | Reached XP level 9. HP: 96/96 MP: 2/25
     6 | D        | Reached XP level 10. HP: 104/104 MP: 2/26
     6 | D        | Reached XP level 11. HP: 111/111 MP: 2/27
     6 | D        | Reached XP level 12. HP: 118/118 MP: 2/28
     7 | D        | Noticed a bag of meat
     7 | D        | Killed a meat berserker
     7 | D        | Reached skill level 15 in Dodging
     7 | D        | Reached XP level 13. HP: 95/135 MP: 2/33
     7 | D        | Reached XP level 14. HP: 101/144 MP: 2/34
     7 | D        | Killed a bag of meat
     8 | D        | Killed a bag of meat
     8 | D        | Reached XP level 15. HP: 96/156 MP: 2/37
     9 | D        | Reached XP level 16. HP: 105/170 MP: 3/39
    10 | D        | Became a worshipper of Makhleb the Destroyer
    11 | D        | Reached * piety under Makhleb
    13 | D        | Noticed a meat berserker
    15 | D        | Noticed a meat berserker
    16 | D        | Killed a meat berserker
    16 | D        | Reached XP level 17. HP: 115/185 MP: 4/43
    17 | D        | Noticed a meat berserker
    17 | D        | Killed a meat berserker
    17 | D        | Reached XP level 18. HP: 124/199 MP: 5/45
    18 | D        | Reached ** piety under Makhleb
    18 | D        | Reached skill level 27 in Fighting
    18 | D        | Reached skill level 10 in Throwing
    20 | D        | Noticed a large bag of meat
    20 | D        | Reached *** piety under Makhleb
    20 | D        | Reached skill level 27 in Axes
    20 | D        | Reached skill level 10 in Armour
    20 | D        | Reached skill level 27 in Spellcasting
    20 | D        | Reached XP level 19. HP: 207/207 MP: 5/49
    21 | D        | Noticed a meat berserker
    21 | D        | Killed a large bag of meat
    21 | D        | Reached **** piety under Makhleb
    21 | D        | Reached skill level 15 in Throwing
    21 | D        | Reached skill level 27 in Dodging
    21 | D        | Reached skill level 15 in Armour
    21 | D        | Reached XP level 20. HP: 216/216 MP: 6/50
    22 | D        | Killed a meat berserker
    22 | D        | Reached ***** piety under Makhleb
    23 | D        | Noticed a destroyer
    23 | D        | Noticed a meat berserker
    24 | D        | Reached XP level 21. HP: 224/224 MP: 6/51
    24 | D        | Reached skill level 27 in Throwing
    24 | D        | Reached skill level 27 in Armour
    24 | D        | Reached skill level 10 in Stealth
    24 | D        | Reached skill level 15 in Unarmed Combat
    24 | D        | Reached skill level 15 in Invocations
    25 | D        | Reached XP level 22. HP: 233/233 MP: 7/52
    25 | D        | Reached ****** piety under Makhleb
    26 | D        | Noticed a destroyer
    29 | D        | Noticed a destroyer
    30 | D        | Reached skill level 27 in Stealth
    30 | D        | Reached XP level 23. HP: 240/240 MP: 8/53
    31 | D        | Reached skill level 27 in Unarmed Combat
    31 | D        | Reached skill level 27 in Invocations
    32 | D        | Reached XP level 24. HP: 249/249 MP: 9/53
    44 | D        | Killed a destroyer
    44 | D        | Reached XP level 25. HP: 256/256 MP: 12/53
    45 | D        | Killed a destroyer
    48 | D        | Reached XP level 26. HP: 265/265 MP: 13/53
    49 | D        | Noticed a destroyer
    50 | D        | Killed a destroyer
    50 | D        | Reached XP level 27. HP: 272/272 MP: 14/53
    53 | D        | Noticed a destroyer
    53 | D        | Noticed a destroyer
    55 | D        | Killed a destroyer
    56 | D        | Killed a destroyer
    57 | D        | Noticed an accursed
    61 | D        | Noticed a meat beast
    63 | D        | Noticed a meat beast
    65 | D        | Noticed a dread
    67 | D        | Noticed a tyrant
    67 | D        | Killed a destroyer
    70 | D        | Noticed a dread
    70 | D        | Killed a meat beast
    71 | D        | Noticed a meat beast
    71 | D        | Killed a meat beast
    72 | D        | Noticed a dread
    73 | D        | Killed a dread
    73 | D        | Killed a tyrant
    74 | D        | Noticed an accursed
    75 | D        | Killed a meat beast
    76 | D        | Noticed a dread
    76 | D        | Killed a dread
    78 | D        | Noticed a dread
    79 | D        | Noticed a destroyer
    80 | D        | Noticed a meat beast
    81 | D        | Killed a dread
    83 | D        | Noticed a meat beast
    83 | D        | Noticed a meat beast
    84 | D        | Noticed a meat beast
    85 | D        | Noticed a dread
    85 | D        | Killed a meat beast
    85 | D        | Killed a dread
    86 | D        | Noticed a meat beast
    87 | D        | Killed a meat beast
    87 | D        | Killed an accursed
    87 | D        | Killed an accursed
    88 | D        | Killed a dread
    88 | D        | Killed a meat beast
    89 | D        | Killed a destroyer
    90 | D        | Killed a meat beast
    92 | D        | Killed a meat beast
    96 | D        | Noticed a dread
    96 | D        | Noticed a meat beast
    96 | D        | Noticed an accursed
   100 | D        | Killed a dread
   101 | D        | Noticed The Defiler
   103 | D        | Noticed a tyrant
   104 | D        | Noticed a destroyer
   105 | D        | Noticed a meat beast
   106 | D        | Noticed a destroyer
   107 | D        | Noticed a destroyer
   107 | D        | Killed a meat beast
   108 | D        | Noticed an accursed
   109 | D        | Noticed a dread
   110 | D        | Noticed a dread
   112 | D        | Killed a dread
   112 | D        | Killed a tyrant
   112 | D        | Killed a destroyer
   113 | D        | Killed a destroyer
   118 | D        | Noticed an accursed
   118 | D        | Killed a dread
   118 | D        | Killed The Defiler
   121 | D        | Noticed an accursed
   121 | D        | Noticed a destroyer
   121 | D        | Killed a destroyer
   121 | D        | Killed an accursed
   122 | D        | Noticed a destroyer
   124 | D        | Killed a dread
   126 | D        | Killed an accursed
   127 | D        | Noticed a tyrant
   127 | D        | Noticed a destroyer
   127 | D        | Noticed a destroyer
   127 | D        | Noticed a destroyer
   127 | D        | Killed a meat beast
   128 | D        | Noticed a tyrant
   128 | D        | Noticed a tyrant
   128 | D        | Noticed a meat beast
   129 | D        | Noticed a meat beast
   129 | D        | Noticed a meat beast
   130 | D        | Noticed a meat beast
   131 | D        | Noticed a tyrant
   132 | D        | Killed a destroyer
   132 | D        | Killed a destroyer
   133 | D        | Killed an accursed
   134 | D        | Noticed The Captor
   134 | D        | Noticed a destroyer
   134 | D        | Killed a meat beast
   135 | D        | Killed a destroyer
   135 | D        | Killed a destroyer
   136 | D        | Noticed a fleshlord
   136 | D        | Noticed a fleshlord
   136 | D        | Noticed a dread
   136 | D        | Killed a meat beast
   136 | D        | Killed a destroyer
   139 | D        | Noticed a fleshlord
   140 | D        | Killed a meat beast
   141 | D        | Noticed a fleshlord
   142 | D        | Noticed a fleshlord
   143 | D        | Noticed a fleshlord
   145 | D        | Killed a tyrant
   147 | D        | Killed a tyrant
   148 | D        | Killed an accursed
   148 | D        | Killed a destroyer
   149 | D        | Noticed a fleshlord
   149 | D        | Noticed a destroyer
   149 | D        | Noticed a destroyer
   149 | D        | Killed a fleshlord
   149 | D        | Killed a fleshlord
   150 | D        | Noticed a destroyer
   150 | D        | Killed a tyrant
   150 | D        | Killed a destroyer
   150 | D        | Killed a dread
   151 | D        | Noticed a destroyer
   151 | D        | Killed a destroyer
   151 | D        | Killed a fleshlord
   151 | D        | Killed a fleshlord
   152 | D        | Noticed a destroyer
   152 | D        | Noticed The Meatlord
   152 | D        | Killed The Captor
   152 | D        | Killed a destroyer
   153 | D        | Noticed a dread
   153 | D        | Noticed a destroyer
   153 | D        | Noticed a fleshlord
   153 | D        | Noticed a meat beast
   153 | D        | Killed a destroyer
   153 | D        | Killed a meat beast
   154 | D        | Noticed a meat beast
   155 | D        | Noticed a fleshlord
   155 | D        | Noticed a fleshlord
   155 | D        | Killed a fleshlord
   156 | D        | Noticed a fleshlord
   156 | D        | Noticed a tyrant
   156 | D        | Noticed a destroyer
   156 | D        | Killed a fleshlord
   157 | D        | Noticed a fleshlord
   157 | D        | Killed a destroyer
   157 | D        | Killed a destroyer
   157 | D        | Killed a destroyer
   158 | D        | Noticed a destroyer
   158 | D        | Noticed a tyrant
   158 | D        | Noticed a dread
   158 | D        | Killed a meat beast
   159 | D        | Noticed a dread
   159 | D        | Noticed a meat beast
   159 | D        | Killed a fleshlord
   160 | D        | Killed a fleshlord
   161 | D        | Noticed a fleshlord
   161 | D        | Noticed a fleshlord
   161 | D        | Noticed a meat beast
   161 | D        | Noticed a fleshlord
   161 | D        | Noticed a meat beast
   161 | D        | Killed a meat beast
   162 | D        | Noticed a destroyer
   162 | D        | Noticed a fleshlord
   162 | D        | Killed a meat beast
   162 | D        | Killed a destroyer
   162 | D        | Annihilated by a fleshlord

Skill      XL: |  1  2  3  4  5  6  7  8  9 10 11 12 13 14 15 16 17 18 19 20 21 22 23 |
---------------+----------------------------------------------------------------------+-----
Fighting       | 14 18 20 22 25 26 27 | 27.0
Axes           | 13 16 18 19 22 23 27 | 27.0
Throwing       | 4 6 7 9 11 19 26 27 | 27.0
Armour         | 4 6 7 8 9 10 17 23 27 | 27.0
Dodging        | 12 15 17 18 20 21 23 27 | 27.0
Spellcasting   | 13 17 19 20 23 24 27 | 27.0
Stealth        | 18 27 | 27.0
Unarmed Combat | 17 24 27 | 27.0
Invocations    | 17 24 27 | 27.0
Translocations | |  2.6

Action                   |  1- 3 |  4- 6 |  7- 9 | 10-12 | 13-15 | 16-18 | 19-21 | 22-24 | 25-27 || total
-------------------------+-------+-------+-------+-------+-------+-------+-------+-------+-------++-------
Melee: Executioner's axe |     1 |       |       |     1 |     2 |     5 |     4 |     6 |    91 ||   110
Armor: Leather armour    |       |       |       |       |       |       |       |       |     2 ||     2
Dodge: Dodged            |       |       |       |       |       |     1 |     3 |     1 |    26 ||    31
